 Dungeon Sprint DCSS version 0.21-a0-349-g0c35859 (webtiles) character file.

6376 Kidiri the Fighter (level 10, -2/102 HPs)
             Began as a Yellow Draconian Gladiator on Oct 7, 2017.
             Was a High Priest of Trog.
             Killed from afar by a catoblepas (10 damage)
             ... with a blast of calcifying dust
             ... in the Dungeon (Sprint IX: "|||||||||||||||||||||||||||||").
             The game lasted 00:09:48 (1162 turns).

Kidiri the Fighter (Yellow Draconian Gladiator)     Turns: 1162, Time: 00:09:49

Health: -2/102     AC: 10    Str: 20    XL:     10   Next: 65%
Magic:  16/16      EV: 21    Int: 10    God:    Trog [*****.]
Gold:   0          SH:  0    Dex: 13    Spells: 9/9 levels left

rFire    + . .     SeeInvis .   a - +2 dire flail (protect)
rCold    . . .     Gourm    .   (shield currently unavailable)
rNeg     . . .     Faith    .   (armour unavailable)
rPois    .         Spirit   .   b - +0 hat
rElec    .         Reflect  .   (no cloak)
rCorr    +         Harm     .   (no gloves)
MR       .....     NoTele   +   p - +0 pair of boots
Stlth    +.........             (no amulet)
HPRegen  0.27/turn              q - +2 ring of protection
MPRegen  0.15/turn              r - +2 ring of evasion

@: no status effects
A: spit acid, acid resistance, unfitting armour, stinger 1, clever 1, fire
resistance 1, cold-blooded, AC +7
a: Breathe Acid, Berserk, Trog's Hand, Brothers in Arms, Burn Spellbooks,
Renounce Religion


You were in the Dungeon.
You worshipped Trog.
Trog was extremely pleased with you.
You were not hungry.

You visited 1 branch

Inventory:

Hand Weapons
 a - a +2 dire flail of protection (weapon)
Armour
 b - a +0 hat (worn)
 p - a +0 pair of boots (worn)
Jewellery
 q - a +2 ring of protection (left hand)
 r - a +2 ring of evasion (right hand)
Wands
 o - a wand of iceblast (7/15)
Scrolls
 i - 4 scrolls of fear
 j - 4 scrolls of fog
 m - 3 scrolls of remove curse
 n - 2 scrolls of amnesia
Potions
 c - a potion of berserk rage
 d - 2 potions of resistance
 e - 5 potions of curing
 f - 4 potions of heal wounds
 g - a potion of haste
 h - 4 potions of magic
 l - a potion of invisibility
Comestibles
 k - 9 chunks of flesh


   Skills:
 * Level 13.9 Fighting
 * Level 13.2 Maces & Flails
 + Level 8.7 Throwing
 * Level 12.2 Dodging
 + Level 8.7 Evocations


You had 9 spell levels left.
You didn't know any spells.

Dungeon Overview and Level Annotations

Branches:
Dungeon (1/1)

Altars:
Cheibriados
Dithmenos
Elyvilon
Fedhas
Gozag
Hepliaklqana
Kikubaaqudgha
Makhleb
Nemelex Xobeh
Okawaru
Qazlal
Ru
Sif Muna
Trog
Uskayaw
Vehumet
Wu Jian
Xom
Yredelemnul
Zin
The Shining One
Beogh
Jiyva
Lugonu


Innate Abilities, Weirdness & Mutations

You can spit globs of acid.
You are resistant to acid.
Your golden yellow scales are hard. (AC +7)
You cannot fit into any form of body armour.
You are cold-blooded and may be slowed by cold attacks.
Your tail ends in a poisonous barb.
Your mind is acute. (Int +2)
Your flesh is heat resistant. (rF+)


Message History

Unknown command.
What are your orders? t - Shout!
Orders for allies: a - Attack new target. r - Retreat! s - Stop attacking. g - Guard the area. f - Follow me.
Anything else - Cancel.
Guard this area!
You have got your breath back.
The death yak gores your iron troll but does no damage.
Your iron troll bites the death yak!!
Your iron troll claws the death yak!!
The death yak dies!
Trog accepts your kill.
Unknown command.
The death yak seems to regain its courage.
The catoblepas breathes a plume of calcifying dust at you.
The blast of calcifying dust hits the death yak.
The blast of calcifying dust hits your iron troll.
The blast of calcifying dust hits you!
You die...

▓(▓.▓.▓
▓Y▓.▓[▓
▓.▓.▓)▓
▓Y▓.▓|▓
▓Y▓.▓.▓
▓Y▓.▓.▓
▓§▓.▓'▓
▓T▓.▓_▓
▓@▓.▓_▓
▓.▓.▓_▓
▓÷▓.▓_▓
▓.▓.▓_▓
▓.▓.▓_▓
▓.▓.▓_▓
▓.▓.▓_▓
▓.▓.▓_▓
▓'▓.▓_▓


You could see a friendly iron troll (berserk).

Vanquished Creatures
  A hydra (D)
  A catoblepas (D)
  An unseen horror (D)
  A manticore (D)
  An elephant (D)
  A spiny frog (D)
  3 komodo dragons (D)
  A blink frog (D)
  A hippogriff (D)
  A hungry ghost (D)
  A basilisk (D)
  3 yaks (D)
  A vampire mosquito (D)
  A water moccasin (D)
  A porcupine (D)
  An orc warrior (D)
  A black bear (D)
  2 ogres (D)
  3 crocodiles (D)
  4 bullfrogs (D)
  A hound (D)
  A shadow imp (D)
  2 orcs (D)
  A bat zombie (D)
  A goblin (D)
  A jackal (D)
  A kobold (D)
  A quokka (D)
  A ball python (D)
  2 rats (D)
42 creatures vanquished.

Vanquished Creatures (collateral kills)
  A death yak (D)
1 creature vanquished.

Grand Total: 43 creatures vanquished

Notes
Turn   | Place    | Note
-------+----------+-------------------------------------------
     0 | D        | Kidiri the Draconian Gladiator began the quest for the Orb.
     0 | D        | Reached XP level 1. HP: 17/17 MP: 1/1
    22 | D        | Noticed an ogre
    34 | D        | Reached XP level 2. HP: 16/25 MP: 2/2
    48 | D        | Killed an ogre
    48 | D        | Reached skill level 5 in Fighting
    48 | D        | Reached skill level 5 in Maces & Flails
    48 | D        | Reached skill level 5 in Dodging
    48 | D        | Reached XP level 3. HP: 18/36 MP: 3/3
    48 | D        | Reached XP level 4. HP: 22/42 MP: 4/4
    72 | D        | Found a roughly hewn altar of Beogh.
    72 | D        | Found a snail-covered altar of Cheibriados.
    72 | D        | Found a shadowy altar of Dithmenos.
    72 | D        | Found a white marble altar of Elyvilon.
    72 | D        | Found a blossoming altar of Fedhas.
    72 | D        | Found an opulent altar of Gozag.
    73 | D        | Found a hazy altar of Hepliaklqana.
    74 | D        | Found a viscous altar of Jiyva.
    75 | D        | Found an ancient bone altar of Kikubaaqudgha.
    76 | D        | Found a corrupted altar of Lugonu.
    77 | D        | Found a burning altar of Makhleb.
    78 | D        | Found a sparkling altar of Nemelex Xobeh.
    79 | D        | Found an iron altar of Okawaru.
    80 | D        | Found a stormy altar of Qazlal.
    81 | D        | Found a sacrificial altar of Ru.
    82 | D        | Found a deep blue altar of Sif Muna.
    83 | D        | Found a bloodstained altar of Trog.
    84 | D        | Found a hide-covered altar of Uskayaw.
    85 | D        | Found a radiant altar of Vehumet.
    86 | D        | Found an ornate altar of the Wu Jian Council.
    87 | D        | Found a shimmering altar of Xom.
    88 | D        | Found a basalt altar of Yredelemnul.
    89 | D        | Found a glowing silver altar of Zin.
    90 | D        | Found a glowing golden altar of the Shining One.
   117 | D        | Became a worshipper of Trog the Wrathful
   192 | D        | Noticed an ogre
   192 | D        | Noticed a black bear
   192 | D        | Noticed a hungry ghost
   192 | D        | Noticed a yak
   192 | D        | Noticed a bullfrog
   199 | D        | Killed a bullfrog
   199 | D        | Reached skill level 1 in Evocations
   199 | D        | Reached XP level 5. HP: 45/50 MP: 4/6
   208 | D        | Killed a yak
   208 | D        | Reached XP level 6. HP: 39/60 MP: 4/8
   235 | D        | Killed a hungry ghost
   235 | D        | Reached * piety under Trog
   431 | D        | Reached skill level 5 in Throwing
   431 | D        | Your scales start taking on a golden yellow colour.
   431 | D        | Reached XP level 7. HP: 69/69 MP: 8/10
   470 | D        | Reached ** piety under Trog
   484 | D        | Noticed a vampire mosquito
   484 | D        | Noticed a manticore
   495 | D        | Killed a manticore
   495 | D        | Reached skill level 5 in Evocations
   500 | D        | Reached skill level 10 in Fighting
   500 | D        | Reached XP level 8. HP: 59/79 MP: 11/11
   502 | D        | Killed an unseen horror
   502 | D        | Reached skill level 10 in Maces & Flails
   505 | D        | Reached *** piety under Trog
   753 | D        | Gained mutation: Your flesh is heat resistant. (rF+) [potion of mutation]
   753 | D        | Gained mutation: Your mind is acute. (Int +2) [potion of mutation]
   753 | D        | Gained mutation: Your tail ends in a poisonous barb. [potion of mutation]
   772 | D        | Noticed a spiny frog
   772 | D        | Noticed a komodo dragon
   775 | D        | Noticed a komodo dragon
   784 | D        | Reached **** piety under Trog
   784 | D        | Reached skill level 10 in Dodging
   784 | D        | Reached XP level 9. HP: 66/89 MP: 13/13
   785 | D        | Noticed a komodo dragon
   800 | D        | Killed a komodo dragon
   805 | D        | Killed a spiny frog
   808 | D        | Killed a komodo dragon
   808 | D        | Reached ***** piety under Trog
   817 | D        | Killed a komodo dragon
   817 | D        | Received a gift from Trog
   988 | D        | Noticed an elephant
   993 | D        | Noticed a six-headed hydra
   993 | D        | Received a gift from Trog
   999 | D        | Killed an elephant
   999 | D        | Reached XP level 10. HP: 95/100 MP: 15/15
  1007 | D        | Killed a six-headed hydra
  1128 | D        | Noticed a death yak
  1128 | D        | Noticed a catoblepas
  1128 | D        | Noticed a death yak
  1128 | D        | Noticed a death yak
  1128 | D        | Noticed a catoblepas
  1143 | D        | Noticed a catoblepas
  1147 | D        | Killed a catoblepas
  1147 | D        | Received a gift from Trog
  1148 | D        | Noticed a death yak
  1161 | D        | Killed a death yak
  1162 | D        | Killed from afar by a catoblepas

Vault maps used:
D:        linesprint

Skill      XL: |  1  2  3  4  5  6  7  8  9 10 |
---------------+-------------------------------+-----
Dodging        | 3 5 6 7 8 10 11 12 | 12.2
Throwing       | 2 3 4 5 6 7 8 |  8.7
Maces & Flails | 4 5 6 7 8 9 10 12 13 | 13.2
Fighting       | 5 6 7 8 10 11 12 13 | 13.9
Evocations     | 1 2 4 5 6 7 8 |  8.7

Action                   |  1- 3 |  4- 6 |  7- 9 | 10-12 || total
-------------------------+-------+-------+-------+-------++-------
Melee: Flail             |    33 |       |       |       ||    33
       Tailslap          |     3 |     6 |    14 |       ||    23
       Dire flail        |       |    34 |    67 |    12 ||   113
Throw: Throwing net      |     3 |     2 |       |       ||     5
       Javelin           |       |       |     6 |     6 ||    12
Invok: Berserk           |       |       |     2 |       ||     2
       Trog's Hand       |       |       |     1 |       ||     1
       Brothers in Arms  |       |       |       |     1 ||     1
 Abil: Breathe Acid      |       |       |     3 |     1 ||     4
  Use: Potion            |       |     1 |     2 |       ||     3
       Scroll            |       |     2 |       |     1 ||     3
  Eat: Bread ration      |       |     1 |       |       ||     1
       Chunk             |       |       |     3 |     1 ||     4
Armor: Skin              |     5 |    10 |     8 |     7 ||    30
Dodge: Dodged            |    20 |    27 |    55 |    17 ||   119

Table legend:
 A = Spawn XP
 B = Non-spawn XP
 C = Spawn XP percentage of total XP
 D = Spawn monster count
 E = Non-spawn monster count
 F = Spawn count percentage of total count
 G = Total turns spent on level
                    A         B        C        D         E        F      G
               +---------+---------+-------+---------+---------+-------+---------
         Total |       0 |    9109 |   0.0 |       0 |      43 |   0.0 |  1162
               +---------+---------+-------+---------+---------+-------+---------
             D |       0 |    9109 |   0.0 |       0 |      43 |   0.0 |  1162
               +---------+---------+-------+---------+---------+-------+---------
